 Dungeon Crawl Stone Soup version 0.28.0 (webtiles) character file.

Game seed: 1945882327703056534

231 DrunkBamboolord the Grave Robber (level 5, -6/28 HPs)
             Began as a Deep Elf Necromancer on Feb 7, 2022.
             Mangled by a gnoll (7 damage)
             ... on level 4 of the Dungeon.
             The game lasted 00:08:06 (3796 turns).

DrunkBamboolord the Grave Robber (DENe)             Turns: 3796, Time: 00:08:07

Health: -6/28      AC:  3    Str:  5    XL:     5   Next: 73%
Magic:  6/15       EV: 13    Int: 22    God:
Gold:   98         SH:  0    Dex: 15    Spells: 6/15 levels left

rFire   . . .      SeeInvis .   g - +0 dagger
rCold   . . .      Faith    .   (no shield)
rNeg    . . .      Spirit   .   a - +0 robe
rPois   .          Reflect  .   (no helmet)
rElec   .          Harm     .   f - +0 cloak
rCorr   .          Rampage  .   (no gloves)
Will    .....                   (no boots)
Stlth   ++........              (no amulet)
HPRegen 0.09/turn               (no ring)
MPRegen 0.14/turn               (no ring)

@: lethally poisoned (-6 -> -12)
A: no striking features
a: no special abilities


You were on level 4 of the Dungeon.
You visited 1 branch of the dungeon, and saw 4 of its levels.

You collected 98 gold pieces.

Inventory:

Hand Weapons
 g - a +0 dagger (weapon)
 i - the +12 mace of Duty {speed, Fly rF+ rN+ Stlth-}
   (You found it on level 3 of the Dungeon)

   Attacks with this weapon are significantly faster.
   rF:        It protects you from fire.
   rN:        It protects you from negative energy.
   Fly:       It grants you flight.
   Stlth:     It makes you less stealthy.
Armour
 a - a +0 robe (worn)
 f - a +0 cloak (worn)
Scrolls
 c - a scroll of blinking
 h - a scroll of fog {unknown}
Potions
 b - 2 potions of heal wounds
 d - a potion of mutation {unknown}
 e - a potion of might


   Skills:
 * Level 3.3 Dodging
 + Level 2.6 Stealth
 * Level 5.5 Spellcasting
 * Level 6.8 Necromancy


You had 6 spell levels left.
You knew the following spells:

 Your Spells              Type           Power      Damage    Failure   Level
a - Pain                  Necr           100%       1d9       1%          1
b - Animate Skeleton      Necr           72%        N/A       1%          1
c - Vampiric Draining     Necr           36%        2d8       1%          3
d - Animate Dead          Necr           18%        N/A       5%          4

Your spell library contained the following spells:

 Spells                   Type           Power      Damage    Failure   Level
 Beastly Appendage        Tmut           12%        N/A       10%         1
 Foxfire                  Conj/Fire      24%        2x1d5     10%         1
 Agony                    Necr           36%        N/A       16%         5
 Conjure Flame            Conj/Fire      6%         6-21      28%         3
 Dazzling Flash           Conj/Hex       12%        N/A       28%         3
 Gell's Gravitas          Tloc           6%         N/A       28%         3
 Inner Flame              Hex/Fire       6%         N/A       28%         3
 Lesser Beckoning         Tloc           6%         N/A       28%         3
 Teleport Other           Tloc           6%         N/A       28%         3
 Flame Wave               Conj/Fire      6%         2d5       67%         4
 Silence                  Hex/Air        3%         N/A       95%         5


Dungeon Overview and Level Annotations

Branches:
Dungeon (4/15)
 Temple: D:4-7

Altars:

Shops:
D:2 ?


Message History

You feel sick.
The gnoll throws a poisoned dart.
The poisoned dart hits you!
You are more poisoned.
You feel sick.
You feel sick.
You feel sick.
You feel sick.
You feel sick.
You feel sick.
Aiming: Pain (safe; 1% risk of failure)
Press: ? - help, Q - select action, (/) - cycle Shift-Dir - straight line, f - gnoll shaman
Aim: a gnoll shaman, wielding a +0 whip and wearing a +0 robe (chance to affect: 83%)
The gnoll shaman writhes in agony.
You feel sick.
Aiming: Pain (safe; 1% risk of failure)
Press: ? - help, Q - select action, (/) - cycle Shift-Dir - straight line, f/p - gnoll shaman
Aim: a gnoll shaman, wielding a +0 whip and wearing a +0 robe (lightly wounded, chance to affect: 83%)
The gnoll shaman writhes in agony!
You feel sick.
You are no longer poisoned.
Casting: Pain (safe; 1% risk of failure)
Confirm with . or Enter, or press ? or * to list all spells.
Aiming: Vampiric Draining (safe; 1% risk of failure)
Press: ? - help, Shift-Dir - straight line, f/p - gnoll shaman
Aim: a gnoll shaman, wielding a +0 whip and wearing a +0 robe (heavily wounded)
You draw life force from the gnoll shaman!
You kill the gnoll shaman!
You feel life coursing into your body.
The gnoll throws a poisoned dart.
The poisoned dart barely misses you.
The gnoll throws a poisoned dart.
The poisoned dart hits you!
You are lethally poisoned!
* * * LOW HITPOINT WARNING * * *
You feel very sick.
The gnoll throws a poisoned dart.
The poisoned dart barely misses you.
Things that are here:
a +0 whip; a +0 robe; a gnoll corpse
* * * LOW HITPOINT WARNING * * *
You feel sick. The gnoll hits you with a +0 club.
* * * LOW HITPOINT WARNING * * *
The gnoll hits you with a +0 club!
You die...

#... .♣...♣. ....
.♣.♣.♣.♣ #.. ♣...♣...
#). .♣.♣.♣.♣ #g# ..
...♣...♣. #)# #♣.♣.♣
♣.♣.♣.♣.♣
#.#####...♣...♣...♣...
#...g.#♣.♣.♣.♣.♣.♣.♣.♣
#####@#.♣...♣...♣...♣.
#)#♣.♣.♣.♣.♣.♣.♣.♣
#.#...♣...♣...♣...
#.#♣.♣.♣.♣.♣.♣.♣.♣
#.#.♣...♣...♣...♣.
#.#..♣.♣.♣.♣.♣.♣.#
#..........####.##
#######.#######.#
#.........#


You could see a gnoll (fast).

Vanquished Creatures
  An orc priest (D:3)
  A gnoll shaman (D:4)
  Jessica (D:2)
  Robin (D:2)
  4 adders
  2 gnolls (D:4)
  A dart slug (D:1)
  5 orcs (D:3)
  4 ball pythons (D:1)
  4 endoplasms
  5 giant cockroaches
  15 goblins
  6 hobgoblins
  4 quokkas
  7 bats
  4 frilled lizards
  3 kobolds
  3 rats
71 creatures vanquished.

Vanquished Creatures (others)
  A plant (D:2)
1 creature vanquished.

Grand Total: 72 creatures vanquished

Notes
Turn   | Place    | Note
-------+----------+-------------------------------------------
     0 | D:1      | DrunkBamboolord the Deep Elf Necromancer began the quest
                  | for the Orb.
     0 | D:1      | Reached XP level 1. HP: 10/10 MP: 6/6
   443 | D:1      | Reached XP level 2. HP: 12/15 MP: 5/8
   510 | D:1      | Reached skill level 5 in Necromancy
   516 | D:1      | Learned a level 1 spell: Animate Skeleton
  1264 | D:2      | Reached XP level 3. HP: 13/19 MP: 3/10
  1367 | D:2      | Found a faded altar of an unknown god.
  1386 | D:2      | Got Plato's Catalogue of Transmutation
  1412 | D:2      | Learned a level 3 spell: Vampiric Draining
  1629 | D:2      | Noticed Jessica
  1635 | D:2      | Killed Jessica
  1879 | D:2      | Noticed Robin
  1881 | D:2      | Reached XP level 4. HP: 21/24 MP: 9/12
  1885 | D:2      | Killed Robin
  2159 | D:2      | Found Zos Symu's Magic Scroll Emporium.
  2271 | D:2      | Reached skill level 5 in Spellcasting
  2851 | D:3      | Learned a level 4 spell: Animate Dead
  2921 | D:3      | Reached skill level 6 in Necromancy
  2999 | D:3      | Reached XP level 5. HP: 25/28 MP: 10/14
  3477 | D:3      | Identified the +12 mace of Duty {speed, Fly rF+ rN+ Stlth-}
  3796 | D:4      | HP: 1/28 [gnoll (3)]
  3796 | D:4      | Mangled by a gnoll

Illustrated notes

Levels and vault maps discovered:
D:1:      tarquinn_simple_flora_water_f, layout_rooms, chequers_arboretum
D:2:      layout_basic, shapermc_ecumenical_altar_rom_forum, serial_shops, shop,
          uniq_robin, uniq_jessica
D:3:      layout_basic, minmay_misc_feat_tower
D:4:      nicolae_cairo_tiling_very_big, layout_loops_corners,
          chequers_serial_rivers_room_b, chequers_decorated_corner,
          kennysheep_crisscross, minmay_fractal_squares_gapless_5

Skill      XL: |  1  2  3  4 |
---------------+-------------+-----
Necromancy     | 5 6 |  6.8
Spellcasting   | 4 5 |  5.5
Dodging        | 3 |  3.3
Stealth        | |  2.6

Action                   |  1- 3 |  4- 6 || total
-------------------------+-------+-------++-------
Melee: Dagger            |       |    38 ||    38
       Unarmed           |       |     9 ||     9
 Cast: Pain              |    66 |    52 ||   118
       Vampiric Draining |       |     5 ||     5
       Animate Skeleton  |       |     1 ||     1
  Use: Scroll            |     1 |     3 ||     4
 Stab: Sleeping          |       |     3 ||     3
Armor: Robe              |     3 |    10 ||    13
Dodge: Dodged            |     6 |    46 ||    52
